 Dungeon Crawl Stone Soup version 0.26-a0-665-gefeb406119 (webtiles) character file.

Game seed: 2601563609570128030

107 lunkers the Cutter (level 5, -15/33 HPs)
             Began as a Kobold Berserker on Oct 13, 2020.
             Was a Believer of Trog.
             Demolished by an orc warrior
             ... wielding a +0 glaive
              (17 damage)
             ... on level 2 of the Dungeon.
             The game lasted 00:01:55 (2438 turns).

lunkers the Cutter (Kobold Berserker)               Turns: 2438, Time: 00:01:56

Health: -15/33     AC:  6    Str: 14    XL:     5   Next: 10%
Magic:  5/5        EV: 13    Int:  9    God:    Trog [**....]
Gold:   19         SH:  0    Dex: 15    Spells: 4/4 levels left

rFire    . . .     SeeInvis .   a - +0 short sword
rCold    . . .     Faith    .   (shield restricted)
rNeg     . . .     Spirit   .   c - +0 scale mail
rPois    .         Reflect  .   (no helmet)
rElec    .         Harm     .   (no cloak)
rCorr    .         Rampage  .   (no gloves)
MR       .....                  (no boots)
Stlth    ++........             (no amulet)
HPRegen  0.11/turn              (no ring)
MPRegen  0.09/turn              (no ring)

@: berserk cooldown, slowed, very slow
A: small, nightstalker 3
a: Berserk, Trog's Hand, Renounce Religion


You were on level 2 of the Dungeon.
You worshipped Trog.
Trog was pleased with you.
You visited 1 branch of the dungeon, and saw 2 of its levels.

You collected 19 gold pieces.

Inventory:

Hand Weapons
 a - a +0 short sword (weapon)
Armour
 b - a +0 animal skin
 c - a +0 scale mail (worn)
Scrolls
 d - 2 scrolls of fear {unknown}
 e - a scroll of noise {unknown}
 f - a scroll of teleportation {unknown}


   Skills:
 + Level 3.9 Fighting
 * Level 5.5 Short Blades
 - Level 1.5 Armour
 + Level 3.4 Dodging
 + Level 2.4 Stealth


You had 4 spell levels left.
You didn't know any spells.
Your spell library was empty.

Dungeon Overview and Level Annotations

Branches:
Dungeon (2/15)

Altars:


Innate Abilities, Weirdness & Mutations

You are small and have problems with some larger weapons.
You are completely attuned to the shadows.


Message History

The rat closely misses you.
You puncture the rat!
You kill the rat!
Trog accepts your kill.
You are too berserk!
Unknown command.
You feel a strong urge to attack something.
You are no longer berserk.
You are exhausted.
You feel yourself slow down.
The orc priest mumbles some strange prayers to Beogh against you.
Pain shoots through your body!
* * * LOW HITPOINT WARNING * * *
The orc warrior closely misses you.
The orc priest mumbles some strange prayers to Beogh against you.
Beogh smites you!
* * * LOW HITPOINT WARNING * * *
The orc warrior hits you from afar with a +0 glaive!
Ouch! That really hurt!
You die...

#....... #.######
##.###
#####....######
..#...#.........#
.......o........#
.....o..........#
................#
....@..........>#
....<...........#
..#...#....(....#
# #####.........#
###########


You could see an orc warrior and an orc priest.

Vanquished Creatures
  An orc priest (D:1)
  3 gnolls
  2 dart slugs (D:1)
  2 leopard geckos (D:1)
  5 bats
  A giant cockroach (D:1)
  3 goblins (D:1)
  7 hobgoblins (D:1)
  4 jackals (D:1)
  A quokka (D:2)
  2 ball pythons (D:1)
  6 kobolds
  5 rats
42 creatures vanquished.

Notes
Turn   | Place    | Note
-------+----------+-------------------------------------------
     0 | D:1      | lunkers the Kobold Berserker began the quest for the Orb.
     0 | D:1      | Reached XP level 1. HP: 14/14 MP: 1/1
   134 | D:1      | Reached XP level 2. HP: 19/19 MP: 2/2
   164 | D:1      | Reached skill level 1 in Stealth
   721 | D:1      | Reached XP level 3. HP: 15/23 MP: 3/3
  1116 | D:1      | Reached ** piety under Trog
  1915 | D:2      | Noticed an orc warrior
  1926 | D:1      | Reached skill level 5 in Short Blades
  1926 | D:1      | Reached XP level 4. HP: 18/29 MP: 4/4
  2426 | D:2      | Reached XP level 5. HP: 30/33 MP: 5/5
  2438 | D:2      | Demolished by an orc warrior

Illustrated notes

Levels and vault maps discovered:
D:1:      psy_arrival_conway, layout_basic, bh_walls_and_bars
D:2:      layout_rooms, overflow_temple_1_default, uniq_terence

Skill      XL: |  1  2  3 |
---------------+----------+-----
Stealth        | 1 2 |  2.4
Dodging        | 3 |  3.4
Short Blades   | 5 |  5.5
Fighting       | |  3.9
Armour         | |  1.5

Action                   |  1- 3 |  4- 6 || total
-------------------------+-------+-------++-------
Melee: Short sword       |   145 |    27 ||   172
Invok: Berserk           |     1 |     2 ||     3
 Stab: Distracted        |     1 |       ||     1
       Sleeping          |     2 |     1 ||     3
Armor: Animal skin       |     1 |       ||     1
       Scale mail        |    59 |     4 ||    63
Dodge: Dodged            |   109 |    23 ||   132

Table legend: (Time is in decaauts)
 A = Elapsed time spent in this place.
 B = Non-inter-level travel time spent in this place.
 C = Inter-level travel time spent in this place.
 D = Time resting spent in this place.
 E = Time spent auto-exploring this place.
 F = Levels seen in this place.
 G = Mean time per level.
                   A        B        C        D        E       F      G
               +--------+--------+--------+--------+--------+-----+--------+
         Total |   2443 |   2363 |     80 |    562 |   1443 |   2 | 1221.5 |
       Dungeon |   2443 |   2363 |     80 |    562 |   1443 |   2 | 1221.5 |
               +--------+--------+--------+--------+--------+-----+--------+

Top non-repeatable levels by time:
     D:1: 2334 daAuts
     D:2: 109 daAuts
